AoeStats
← elandres550

Arabia

509732141Analyzed
1v1 RM · 6d ago on Sep 27, 2026· 48m 18s· 2 players
Game mode
Random Map
Map size
Tiny (2 player)
Population
200
Speed
Normal
Resources
Standard
Victory
Conquest
Starting age
Dark Age
Ending age
Imperial Age
RankedLock teamsTeams togetherTeam positionsShared explorationLock speedFull tech treeHidden civsTurbo modeCheats
Victory
Defeat
🇦🇷 Mongols · Argentina
1124
+18
🇨🇦 Varangians · Canada
1164
-18
elandres550
2:50 Loom
8:13 Feudal Age
8:44 Double-Bit Axe
9:01 Horse Collar
21:57 Castle Age
20:56 Bloodlines
22:38 Forging
22:29 Light Cavalry
27:12 Iron Casting
26:46 Fletching
30:41 Bow Saw
31:38 Stone Mining
33:51 Gold Mining
36:30 Wheelbarrow
35:41 Town Watch
37:10 Ballistics
37:34 Bodkin Arrow
40:52 Imperial Age
39:37 Padded Archer Armor
41:28 Heavy Plow
41:40 Elite Mangudai
42:42 Leather Archer Armor
43:28 Bracer
44:36 Chemistry
47:27 Thumb Ring
47:48 Parthian Tactics
5hepherdspie5
7:08 Loom
9:42 Feudal Age
11:18 Bloodlines
13:39 Forging
23:24 Castle Age
21:39 Scale Barding Armor
26:08 Double-Bit Axe
27:14 Chain Barding Armor
28:12 Gold Mining
28:58 Husbandry
32:57 Iron Casting
34:21 Horse Collar
35:03 Fletching
36:22 Stone Mining
40:43 Bodkin Arrow
44:56 Elite Skirmisher
45:52 Padded Archer Armor
Connection lost

Rejoining the realm…

Still unreachable

The connection could not be restored.

Session expired

The server has moved on; the page needs a fresh start.